 Dungeon Crawl Stone Soup version 0.19.5 (webtiles) character file.

26954 Plasmo the Arsonist (level 13, 0/108 HPs)
             Began as a Yellow Draconian Fire Elementalist on May 20, 2017.
             Was a Priest of Vehumet.
             Slain by a rime drake (2 damage)
             ... summoned by an orange crystal statue
             ... on level 5 of the Lair of Beasts.
             The game lasted 01:45:58 (19755 turns).

Plasmo the Arsonist (DrFE)                         Turns: 19755, Time: 01:46:00

Health: 0/108      AC: 13    Str: 12      XL:     13   Next: 1%
Magic:  2/23       EV: 16    Int: 15 (18) God:    Vehumet [***...]
Gold:   373        SH:  0    Dex: 13      Spells: 6 memorised, 8 levels left

rFire  . . .     SeeInvis .     B - +4 eveningstar (freeze)
rCold  . . .     Gourm    +     (armour unavailable)
rNeg   . . .     Faith    .     (no shield)
rPois  .         Spirit   .     (helmet restricted)
rElec  .         Reflect  .     s - +1 cloak
rCorr  +         Harm     .     c - +1 pair of gloves
MR     .....                    I - +0 pair of boots {Stlth+}
Stlth  +.........               l - amulet of the gourmand
                                (no ring)
                                (no ring)

@: confused, about to teleport, flying
A: spit acid, acid resistance, unfitting armour, horns 1, cold-blooded, AC +8
a: Spit Acid, Renounce Religion


You were on level 5 of the Lair of Beasts.
You worshipped Vehumet.
Vehumet was most pleased with you.
You were very full.

You visited 3 branches of the dungeon, and saw 14 of its levels.

You collected 613 gold pieces.
You spent 240 gold pieces at shops.

Inventory:

Hand Weapons
 B - a +4 eveningstar of freezing (weapon)
Missiles
 m - 5 javelins
 q - a steel javelin (quivered)
Armour
 c - a +1 pair of gloves (worn)
 s - a +1 cloak (worn)
 I - a +0 pair of boots of stealth (worn)
Magical Staves
 k - an uncursed staff of wizardry
 C - an uncursed staff of poison
Jewellery
 j - an uncursed ring of ice
 l - an amulet of the gourmand (around neck)
 r - an uncursed ring of ice
 L - an uncursed ring of stealth {unknown}
Wands
 g - a wand of heal wounds (1/9)
 t - a wand of random effects (19/48)
 u - a wand of iceblast (3/15)
 w - a wand of teleportation (1/9)
 M - a wand of random effects (23/48)
Scrolls
 d - 10 scrolls of remove curse
 f - 2 scrolls of fog
 p - 2 scrolls of amnesia
 y - 2 scrolls of fear
 J - 3 scrolls of identify
Potions
 e - a potion of ambrosia
 n - a potion of invisibility {unknown}
 o - 2 potions of flight
 z - 2 potions of brilliance
 A - a potion of cure mutation {unknown}
 D - 3 potions of cancellation {unknown}
 E - 3 potions of curing
 G - 2 potions of heal wounds
Books
 a - a book of Flames

   Spells                             Type                      Level
   a - Flame Tongue                   Conjuration/Fire             1
   b - Throw Flame                    Conjuration/Fire             2
   c - Conjure Flame                  Conjuration/Fire             3
   d - Inner Flame                    Hexes/Fire                   3
   e - Sticky Flame                   Conjuration/Fire             4
   f - Fireball                       Conjuration/Fire             5
 h - a book of Misfortune

   Spells                             Type                      Level
   a - Confusing Touch                Hexes                        1
   b - Confuse                        Hexes                        3
   c - Gell's Gravitas                Hexes/Translocation          3
   d - Petrify                        Transmutation/Earth          4
   e - Metabolic Englaciation         Hexes/Ice                    5
   f - Yara's Violent Unravelling     Hexes/Transmutation          5
 i - a Young Poisoner's Handbook

   Spells                             Type                      Level
   a - Sting                          Conjuration/Poison           1
   b - Mephitic Cloud                 Conjuration/Poison/Air       3
   c - Olgreb's Toxic Radiance        Poison                       4
   d - Alistair's Intoxication        Transmutation/Poison         5
   e - Venom Bolt                     Conjuration/Poison           5
 v - a book of Necromancy

   Spells                             Type                      Level
   a - Pain                           Necromancy                   1
   b - Animate Skeleton               Necromancy                   1
   c - Vampiric Draining              Necromancy                   3
   d - Regeneration                   Charms/Necromancy            3
   e - Animate Dead                   Necromancy                   4
   f - Control Undead                 Necromancy                   4
 x - a book of Maledictions

   Spells                             Type                      Level
   a - Corona                         Hexes                        1
   b - Ensorcelled Hibernation        Hexes/Ice                    2
   c - Confuse                        Hexes                        3
   d - Tukima's Dance                 Hexes                        3
   e - Dazzling Spray                 Conjuration/Hexes            3
Miscellaneous
 K - a sack of spiders
Comestibles
 b - 3 bread rations
 F - 5 fruits


   Skills:
 * Level 8.3 Fighting
 * Level 7.8 Maces & Flails
 - Level 4.3 Throwing
 * Level 7.4 Dodging
 - Level 5.1 Stealth
 + Level 4.6 Unarmed Combat
 * Level 7.1 Spellcasting
 * Level 7.8 Conjurations
 * Level 8.5 Fire Magic
 * Level 7.0 Air Magic
 + Level 4.2 Evocations


You had 8 spell levels left.
You knew the following spells:

 Your Spells              Type           Power        Failure   Level  Hunger
a - Flame Tongue          Conj/Fire      ####.        1%          1    None
b - Throw Flame           Conj/Fire      ####..       1%          2    None
c - Conjure Flame         Conj/Fire      ####....     1%          3    ##.....
d - Sticky Flame          Conj/Fire      ####....     1%          4    ####...
e - Mephitic Cloud        Conj/Pois/Air  ###.....     1%          3    ##.....
f - Fireball              Conj/Fire      ####......   4%          5    #####..


Dungeon Overview and Level Annotations

Branches:
Dungeon (8/15)             Temple (1/1) D:7            Lair (5/6) D:8
  Swamp (0/4) Lair:2       Spider (0/4) Lair:4        Slime (0/5) Lair:5

Altars:
Dithmenos
Elyvilon
Fedhas
Gozag
Kikubaaqudgha
Makhleb
Nemelex Xobeh
Qazlal
Ru
Sif Muna
Trog
Vehumet
Xom
Yredelemnul
Zin
The Shining One

Shops:
D:4 (   D:7 =   D:8 !

Annotations:
Lair:5 exclusion: orange crystal statue


Innate Abilities, Weirdness & Mutations

You can spit globs of acid.
You are resistant to acid.
Your golden yellow scales are hard. (AC +8)
You cannot fit into any form of body armour.
You are cold-blooded and may be slowed by cold attacks.
You have a pair of small horns on your head.


Message History

The five-headed hydra barely misses you.
The five-headed hydra bites you!
* * * LOW HITPOINT WARNING * * *
The five-headed hydra bites you.
* * * LOW HITPOINT WARNING * * *
The five-headed hydra barely misses you.
The rime drake misses you.
You bump into the rock wall.
The orange crystal statue fixes its piercing gaze on you.
You feel dopey. Something feeds on your intellect!
The komodo dragon closely misses you. The five-headed hydra bites you!
* * * LOW HITPOINT WARNING * * *
The five-headed hydra closely misses you.
The five-headed hydra bites you!
* * * LOW HITPOINT WARNING * * *
The five-headed hydra closely misses you.
The five-headed hydra bites you but does no damage.
The rime drake bites you.
You die...

#≈≈≈##
#.....###.
#≈≈≈#
#.....P##.
#≈≈≈##
#.........
##≈≈≈#
#.........
#≈≈≈##
#.....<...
##≈≈≈###
#.........
#≈≈≈≈≈##
#.........
##≈≈l≈≈##
#.........
##@Dr≈≈#
#......##.
#8k≈|"#
#.......#.
##..["#
#....###.#
#.|=#
#....# ###
####
######


You could see a five-headed hydra, an orange crystal statue (burning), a komodo
dragon, a rime drake and a porcupine.

Vanquished Creatures
  Gastronok (Lair:3)
  2 hydras
  An ice dragon (Lair:5)
  Erica (D:8)
  Urug (Lair:2)
  3 black mambas
  A torpor snail (Lair:3)
  7 spiny frogs
  5 komodo dragons
  2 rime drakes (Lair:5)
  A polar bear (Lair:4)
  2 tyrant leeches (Lair:2)
  A two-headed ogre (D:4)
  6 dream sheep (Lair:5)
  12 blink frogs
  8 hippogriffs
  3 redbacks (Lair:4)
  A wyvern (Lair:3)
  21 yaks
  6 basilisks
  4 wraiths (D:8)
  A vampire mosquito (Lair:2)
  13 water moccasins
  4 porcupines
  3 sky beasts
  An ice beast (D:7)
  A black bear (D:8)
  A phantom (D:5)
  An ogre (D:7)
  12 wolves (Lair:1)
  3 centaurs
  12 crocodiles
  6 bullfrogs
  5 wights (D:8)
  An electric eel (Lair:2)
  3 howler monkeys (D:7)
  2 crimson imps
  2 lava snakes (Lair:1)
  4 hounds
  11 jellies
  A centaur skeleton (D:5)
  9 worker ants
  An iguana (D:8)
  A hound zombie (D:6)
  4 gnolls (D:7)
  4 adders
  2 shadow imps
  3 white imps (Lair:5)
  6 oozes
  2 adder skeletons
  2 worms
  A dart slug (D:4)
  4 leopard geckos
  17 orcs
  6 giant cockroaches
  5 goblins
  10 hobgoblins
  8 jackals
  10 kobolds
  5 quokkas
  4 ball pythons
  6 bats
  8 frilled lizards
  A jackal zombie (D:5)
  A leopard gecko skeleton (D:6)
  A quokka skeleton (D:4)
  5 rats (D:1)
302 creatures vanquished.

Vanquished Creatures (collateral kills)
  A yak (Lair:2)
  A crocodile (Lair:2)
2 creatures vanquished.

Vanquished Creatures (others)
  9 fungi
  12 plants
21 creatures vanquished.

Grand Total: 325 creatures vanquished

Notes
Turn   | Place    | Note
-------+----------+-------------------------------------------
     0 | D:1      | Plasmo the Draconian Fire Elementalist began the quest for the Orb.
     0 | D:1      | Reached XP level 1. HP: 14/14 MP: 3/3
   536 | D:1      | Reached XP level 2. HP: 17/20 MP: 1/5
   577 | D:1      | Learned a level 2 spell: Throw Flame
   974 | D:2      | Reached XP level 3. HP: 24/27 MP: 0/6
  1088 | D:2      | Reached skill level 1 in Fighting
  1216 | D:2      | Learned a level 3 spell: Conjure Flame
  1250 | D:2      | Found a white marble altar of Elyvilon.
  1554 | D:2      | Found a sparkling altar of Nemelex Xobeh.
  1682 | D:2      | Reached XP level 4. HP: 35/35 MP: 5/7
  2248 | D:3      | Found a faded altar of an unknown god.
  2529 | D:3      | Found a faded altar of an unknown god.
  2529 | D:3      | Found a basalt altar of Yredelemnul.
  2534 | D:3      | Found a faded altar of an unknown god.
  2536 | D:3      | Found a shimmering altar of Xom.
  2537 | D:3      | Found a faded altar of an unknown god.
  3100 | D:3      | Reached XP level 5. HP: 36/41 MP: 1/9
  3277 | D:4      | Found an opulent altar of Gozag.
  3300 | D:4      | Found Haumium's Antique Weapon Shoppe.
  3709 | D:4      | Reached skill level 1 in Maces & Flails
  3805 | D:4      | Noticed a two-headed ogre
  3819 | D:4      | Killed a two-headed ogre
  3819 | D:4      | Reached XP level 6. HP: 49/49 MP: 0/10
  4145 | D:5      | Entered Level 5 of the Dungeon
  4225 | D:5      | Learned a level 4 spell: Sticky Flame
  4279 | D:5      | Reached skill level 1 in Throwing
  4461 | D:5      | Your scales start taking on a golden yellow colour.
  4461 | D:5      | Reached XP level 7. HP: 32/56 MP: 1/11
  4962 | D:5      | Found a sacrificial altar of Ru.
  5117 | D:5      | Noticed a hippogriff
  5175 | D:5      | Killed a hippogriff
  5175 | D:5      | Reached skill level 1 in Unarmed Combat
  5380 | D:4      | Bought a runed morningstar for 240 gold pieces
  5447 | D:6      | Reached XP level 8. HP: 49/63 MP: 9/13
  5544 | D:6      | Found a stormy altar of Qazlal.
  5544 | D:6      | Found a burning altar of Makhleb.
  5544 | D:6      | Found an ancient bone altar of Kikubaaqudgha.
  5545 | D:6      | Found a bloodstained altar of Trog.
  5546 | D:6      | Found a deep blue altar of Sif Muna.
  5808 | D:6      | Got a transparent long sword
  5809 | D:6      | Identified the cursed +2 long sword of the Valley {speed, rF++ rC- Str+8 Int-4} (You found it on level 6 of the Dungeon)
  6622 | D:7      | Found Lemido's Jewellery Emporium.
  6674 | D:7      | Noticed a hippogriff
  6686 | D:7      | Killed a hippogriff
  6696 | D:7      | Learned a level 3 spell: Mephitic Cloud
  6711 | D:7      | Reached skill level 1 in Evocations
  6925 | D:7      | Reached skill level 5 in Fire Magic
  6938 | D:7      | Gained mutation: You have a pair of small horns on your head. [potion of beneficial mutation]
  7033 | D:7      | Reached skill level 1 in Air Magic
  7154 | D:7      | Found a staircase to the Ecumenical Temple.
  7178 | Temple   | Entered the Ecumenical Temple
  7196 | Temple   | Became a worshipper of Vehumet
  7372 | D:7      | Reached XP level 9. HP: 58/71 MP: 9/15
  7390 | D:8      | Found Ibbeg's Distillery.
  7815 | D:8      | Found a staircase to the Lair.
  8389 | D:8      | Found a glowing silver altar of Zin.
  8390 | D:8      | Noticed Erica
  8440 | D:8      | Killed Erica
  8440 | D:8      | Reached skill level 5 in Fighting
  8440 | D:8      | Reached skill level 5 in Conjurations
  8995 | D:8      | Reached * piety under Vehumet
  8995 | D:8      | Offered knowledge of Shock by Vehumet.
  9085 | Lair:1   | Entered Level 1 of the Lair of Beasts
  9093 | Lair:1   | Reached XP level 10. HP: 78/81 MP: 9/17
  9103 | Lair:1   | Reached skill level 5 in Dodging
  9208 | Lair:1   | Reached skill level 5 in Maces & Flails
  9217 | D:8      | Reached skill level 5 in Spellcasting
  9570 | Lair:1   | Noticed a black mamba
  9587 | Lair:1   | Killed a black mamba
 10133 | Lair:1   | Noticed a spiny frog
 10147 | Lair:1   | Killed a spiny frog
 10640 | Lair:1   | Noticed a spiny frog
 10646 | Lair:1   | Killed a spiny frog
 10703 | Lair:1   | Reached XP level 11. HP: 49/89 MP: 11/19
 11162 | Lair:1   | Learned a level 5 spell: Fireball
 11198 | Lair:2   | Reached ** piety under Vehumet
 11216 | Lair:2   | Offered knowledge of Freeze by Vehumet.
 11216 | Lair:2   | Reached skill level 5 in Air Magic
 11495 | Lair:2   | Noticed Urug
 11512 | Lair:2   | Killed Urug
 12400 | Lair:2   | Found a staircase to the Swamp.
 12578 | Lair:3   | Noticed Gastronok
 13715 | Lair:3   | Noticed a seven-headed hydra
 14116 | Lair:3   | Killed Gastronok
 14116 | Lair:3   | Reached skill level 5 in Stealth
 14116 | Lair:3   | Reached XP level 12. HP: 51/100 MP: 3/21
 14409 | Lair:3   | Killed a seven-headed hydra
 15100 | Lair:3   | Offered knowledge of Ignite Poison by Vehumet.
 15922 | Lair:4   | Found a hole to the Spider Nest.
 16132 | Lair:4   | HP: 5/100 [poisoned by a redback]
 16137 | Lair:4   | HP: 5/100 [poisoned by a redback]
 16144 | Lair:4   | HP: 4/100 [poisoned by a redback]
 16152 | Lair:4   | HP: 5/100 [poisoned by a redback]
 17519 | Lair:5   | Reached *** piety under Vehumet
 17720 | Lair:5   | Found a staircase to the Slime Pits.
 17983 | Lair:5   | Noticed an ice dragon
 18048 | Lair:5   | Offered knowledge of Force Lance by Vehumet.
 18744 | Lair:5   | Killed an ice dragon
 19118 | Lair:5   | Noticed an eight-headed hydra
 19127 | Lair:5   | Killed an eight-headed hydra
 19276 | Lair:5   | Reached XP level 13. HP: 85/108 MP: 12/23
 19379 | Lair:5   | Identified a scroll of acquirement
 19755 | Lair:5   | HP: 2/108 [five-headed hydra[an orange crystal statue] (10)]
 19755 | Lair:5   | Slain by a rime drake

Skill      XL: |  1  2  3  4  5  6  7  8  9 10 11 12 13 |
---------------+----------------------------------------+-----
Dodging        | 2 3 4 5 6 7 |  7.4
Fighting       | 1 2 3 4 5 6 7 8 |  8.3
Stealth        | 2 3 4 5 |  5.1
Conjurations   | 2 3 4 5 6 7 |  7.8
Maces & Flails | 2 3 4 5 6 7 |  7.8
Spellcasting   | 3 4 5 6 7 |  7.1
Fire Magic     | 4 5 6 7 8 |  8.5
Throwing       | 1 2 3 4 |  4.3
Unarmed Combat | 1 2 3 4 |  4.6
Evocations     | 1 2 3 4 |  4.2
Air Magic      | 1 3 4 5 6 7 |  7.0

Action                   |  1- 3 |  4- 6 |  7- 9 | 10-12 | 13-15 || total
-------------------------+-------+-------+-------+-------+-------++-------
Melee: Unarmed           |    49 |    15 |       |       |       ||    64
       Tailslap          |     2 |     8 |    17 |    31 |     2 ||    60
       Whip              |       |    80 |   125 |       |       ||   205
       Headbutt          |       |       |    19 |    36 |     2 ||    57
       Dire flail        |       |       |    50 |   107 |       ||   157
       Eveningstar       |       |       |       |   179 |     8 ||   187
       Punch             |       |       |       |     1 |       ||     1
Throw: Javelin           |       |     3 |    12 |     3 |       ||    18
 Cast: Flame Tongue      |    55 |    94 |   128 |    61 |     2 ||   340
       Conjure Flame     |       |     1 |    17 |     6 |       ||    24
       Mephitic Cloud    |       |       |     4 |    12 |       ||    16
       Sticky Flame      |       |       |       |   128 |     4 ||   132
       Throw Flame       |       |       |       |     4 |       ||     4
       Fireball          |       |       |       |     3 |       ||     3
 Abil: Spit Acid         |       |       |    24 |    24 |       ||    48
Evoke: Wand              |       |       |       |    12 |       ||    12
  Use: Scroll            |       |     9 |    12 |    11 |     2 ||    34
       Potion            |       |     2 |     8 |     4 |     1 ||    15
 Stab: Sleeping          |       |     1 |     1 |       |       ||     2
       Confused          |       |       |     1 |     3 |       ||     4
  Eat: Chunk             |     3 |     6 |     9 |    26 |     3 ||    47
       Fruit             |       |     2 |       |       |       ||     2
       Meat ration       |       |     1 |     2 |     4 |       ||     7
       Pizza             |       |       |     1 |       |       ||     1
       Beef jerky        |       |       |       |     2 |       ||     2
       Bread ration      |       |       |       |     3 |       ||     3
Armor: Skin              |    10 |    28 |    56 |   143 |     5 ||   242
Dodge: Dodged            |    32 |    76 |   172 |   273 |    14 ||   567
